 Dungeon Crawl Stone Soup version 0.31-a0-845-g9abc20d24f (webtiles) character file.

Game seed: 8155693032388997589

13932 bobo the Skirmisher (level 12, -2/94 HPs)
             Began as a Gnoll Hunter on Sept 28, 2023.
             Was a Priest of Fedhas.
             Slain by a komodo dragon (13 damage)
             ... while petrified by a basilisk
             ... on level 5 of the Lair of Beasts on Oct 1, 2023.
             The game lasted 00:46:28 (10660 turns).

bobo the Skirmisher (Gnoll Hunter)                 Turns: 10660, Time: 00:46:29

Health: -2/94      AC:  9    Str: 11    XL:     12   Next: 11%
Magic:  31/31      EV:  2    Int:  9    God:    Fedhas [***...]
Gold:   265        SH:  0    Dex: 20    Spells: 25/25 levels left

rFire   . . .        a - +0 orcbow
rCold   . . .        (shield currently unavailable)
rNeg    + + +        w - +0 robe of Spring Thaw {Regen+}
rPois   ∞            (no helmet)
rElec   .            (no cloak)
rCorr   .            k - +2 pair of gloves {Stlth+}
SInv    .            n - +2 pair of boots
Will    .....        (no amulet)
Stlth   +++++        v - +5 ring of evasion
HPRegen 1.15/turn    h - ring of magical power
MPRegen 0.22/turn

%: no passive effects
@: lethally poisoned (-2 -> -2), petrified
A: fangs 1, strong nose, distributed training
a: Renounce Religion, Wall of Briars, Grow Ballistomycete


You were on level 5 of the Lair of Beasts.
You worshipped Fedhas.
Fedhas was most pleased with you.
You visited 2 branches of the dungeon, and saw 13 of its levels.

You collected 531 gold pieces.
You spent 266 gold pieces at shops.

Inventory:

Hand Weapons
 a - a +0 orcbow (weapon)
 m - a +4 falchion of freezing
 r - the +7 short sword of the Seven Deaths {heavy, SInv Stlth+}
   (You found it on level 3 of the Dungeon)

   SInv:      It lets you see invisible.
   Stlth+:    It makes you more stealthy.
 x - the +10 dark maul {heavy}
   (You took it off a two-headed ogre on level 9 of the Dungeon)
Armour
 f - a +2 pair of boots
 k - a +2 pair of gloves of stealth (worn)
 n - a +2 pair of boots (worn)
 w - the +0 robe of Spring Thaw (worn) {Regen+}
   (You took it off an orc on level 4 of the Dungeon)

   Regen+:    It increases your rate of health regeneration.
Jewellery
 g - a ring of flight
 h - a ring of magical power (right hand)
 p - the ring "Asaig" {rC+ Int+6}
   (You acquired it on level 9 of the Dungeon)

   [ring of intelligence]

   Int+6:     It affects your intelligence (+6).
   rC+:       It protects you from cold.
 s - a +6 ring of strength
 u - a ring of wizardry
 v - a +5 ring of evasion (left hand)
Wands
 c - a wand of iceblast (19)
 q - a wand of charming (8)
 D - a wand of flame (14)
 E - a wand of light (14)
 F - a wand of mindburst (24)
 G - a wand of polymorph (9)
 H - a wand of digging (5)
Scrolls
 j - 2 scrolls of noise
 l - 2 scrolls of fog
 t - a scroll of enchant weapon
 y - a scroll of poison
 I - a scroll of silence
 L - a scroll of identify
Potions
 d - 2 potions of curing
 e - a potion of lignification
 o - a potion of ambrosia
 z - 2 potions of haste
 A - 3 potions of mutation {unknown}
 B - a potion of attraction {unknown}
 C - 3 potions of enlightenment {unknown}


   Skills:
 + Level 8.5 Fighting
 + Level 7.1 Short Blades
 + Level 7.1 Long Blades
 + Level 7.1 Axes
 + Level 7.1 Maces & Flails
 + Level 7.1 Polearms
 + Level 7.1 Staves
 + Level 11.1 Ranged Weapons
 + Level 7.1 Throwing
 + Level 7.1 Armour
 + Level 8.5 Dodging
 + Level 7.5 Stealth
 + Level 7.1 Shields
 + Level 7.1 Unarmed Combat
 + Level 7.1 Spellcasting
 + Level 5.9 Conjurations
 + Level 5.9 Hexes
 + Level 5.9 Summonings
 + Level 5.9 Necromancy
 + Level 5.9 Translocations
 + Level 5.9 Transmutations
 + Level 5.9 Fire Magic
 + Level 5.9 Ice Magic
 + Level 5.9 Air Magic
 + Level 5.9 Earth Magic
 + Level 5.9 Poison Magic
 + Level 7.8 Invocations
 + Level 7.1 Evocations
 + Level 6.4 Shapeshifting


You had 25 spell levels left.
You didn't know any spells.
Your spell library contained the following spells:

 Spells                   Type           Power      Damage    Failure   Level
 Magic Dart               Conj           52%        1d5       1%          1
 Searing Ray              Conj           26%        2d5       2%          2
 Fulminant Prism          Conj/Hex       6%         3d6       17%         4
 Simulacrum               Ice/Necr       6%         N/A       95%         6
 Ozocubu's Refrigeration  Ice            6%         4d8       100%        7
 Polar Vortex             Ice            6%         N/A       100%        9


Dungeon Overview and Level Annotations

Branches:
Dungeon (9/15)             Temple (0/1) D:4            Lair (3/5) D:9
  Swamp (0/4) Lair:2
  Snake: Lair:2-3    Spider: Lair:2-3       Orc: D:9-12

Altars:
Cheibriados
Fedhas
Gozag
Hepliaklqana
Kikubaaqudgha
Okawaru
Qazlal
Trog
Uskayaw
Vehumet
Xom
Zin

Shops:
D:2 ?   D:4 (**   D:6 *


Innate Abilities, Weirdness & Mutations

You have very sharp teeth.
Your uncanny sense of smell can sniff out nearby items.
Your experience applies equally to all skills.


Message History

Your limbs are stiffening.
There is an escape hatch in the ceiling here.
The basilisk closely misses you. The water moccasin bites you.
The komodo dragon bites you.
The skyshark bites you but does no damage.
The skyshark tail-slaps you. The skyshark misses you. The basilisk misses you.
The water moccasin bites you but does no damage.
You have turned to stone.
You stop ascending the stairs.
The komodo dragon bites you! The skyshark bites you.
The skyshark tail-slaps you!
* * * LOW HITPOINT WARNING * * *
The skyshark tail-slaps you but does no damage.
The water moccasin bites you but does no damage.
The basilisk hisses menacingly.
The basilisk bites you but does no damage.
The water moccasin bites you but does no damage.
The komodo dragon bites you.
* * * LOW HITPOINT WARNING * * *
The skyshark bites you but does no damage.
The skyshark tail-slaps you.
* * * LOW HITPOINT WARNING * * *
The skyshark tail-slaps you but does no damage.
The basilisk bites you!
* * * LOW HITPOINT WARNING * * *
The water moccasin bites you.
* * * LOW HITPOINT WARNING * * *
The komodo dragon bites you.
* * * LOW HITPOINT WARNING * * *
The skyshark bites you but does no damage.
The skyshark tail-slaps you but does no damage.
The skyshark tail-slaps you.
* * * LOW HITPOINT WARNING * * *
The basilisk gazes at you. You resist with some effort.
The water moccasin bites you but does no damage.
The dream sheep bites you!
* * * LOW HITPOINT WARNING * * *
The komodo dragon bites you!!
You die...
Fedhas appreciates your contribution to the ecosystem.

###.....# .... #......[#
#....##
##......###.....#
#........##.....# #
##.....###.....##
##..##.....####.....###
.........!..............
...............lY.......
..............kS@l......
..............Yl........
.....###..##...#.#...#..
#.### #######.####P## ##
### ##


You could see a skyshark, a komodo dragon, a yak, a basilisk, a rime drake, a
water moccasin and a dream sheep.

Vanquished Creatures
  An eleionoma (Lair:2)
  A hydra (Lair:3)
  Erica (D:9)
  A two-headed ogre (D:9)
  A boulder beetle (Lair:2)
  Amaemon (D:8)
  Pikel (D:7)
  An orc knight (D:9)
  A cyclops (D:9)
  Joseph (D:7)
  2 black mambas
  2 cane toads
  An orange demon (D:8)
  2 komodo dragons
  A hornet (D:9)
  A vampire (D:9)
  2 wyverns (D:9)
  2 basilisks
  3 steam dragons
  An acid dragon (D:9)
  3 water moccasins
  Duvessa (D:4)
  6 orc warriors
  3 sky beasts
  2 ogres
  5 wolves
  A lemure (D:7)
  A centaur (D:8)
  A kobold brigand (D:6)
  A phantom (D:5)
  2 gnoll sergeants
  5 bullfrogs
  A scorpion (D:5)
  10 wights
  Dowan (D:4)
  An electric eel (Lair:1)
  4 howler monkeys
  A gnoll bouda (D:7)
  6 orc priests
  2 hounds
  A jelly (D:6)
  Terence (D:3)
  3 iguanas
  10 orc wizards
  14 gnolls
  7 adders
  A shadow imp (D:5)
  A white imp (D:6)
  A worm (D:2)
  4 dart slugs
  42 orcs
  3 bats
  5 endoplasms
  5 giant cockroaches
  9 goblins
  9 hobgoblins
  2 jackals (D:1)
  3 quokkas
  4 ball pythons
  4 frilled lizards
  10 kobolds
  4 rats
227 creatures vanquished.

Vanquished Creatures (collateral kills)
  A basilisk (Lair:3)
  2 water moccasins
  An ice beast (D:6)
  A wolf (Lair:1)
  A bullfrog (Lair:1)
  A scorpion (D:6)
  3 wights
  An iguana (D:6)
  3 gnolls
  2 orcs
  A kobold (D:6)
  25 ballistomycete spores
42 creatures vanquished.

Vanquished Creatures (others)
  An oklob plant (Lair:5)
  A dream sheep (Lair:5)
  A water moccasin (Lair:5)
  An ogre (D:6)
  A hound (D:6)
  An orc priest (D:6)
  A dart slug (D:4)
  6 ballistomycete spores
13 creatures vanquished.

Grand Total: 282 creatures vanquished

Notes
Turn   | Place    | Note
-------+----------+-------------------------------------------
     0 | D:1      | bobo the Gnoll Hunter began the quest for the Orb.
     0 | D:1      | Reached XP level 1. HP: 20/20 MP: 1/1
   186 | D:1      | Reached XP level 2. HP: 23/26 MP: 2/2
   732 | D:1      | Reached XP level 3. HP: 31/31 MP: 3/3
   804 | D:2      | Found a blossoming altar of Fedhas.
   809 | D:2      | Became a worshipper of Fedhas Madash
   815 | D:2      | Found a faded altar of an unknown god.
   999 | D:2      | Found Gonoc's Magic Scroll Emporium.
  1027 | D:2      | Reached skill level 1 in Invocations
  1039 | D:2      | Upgraded the game from 0.31-a0-841-g038b102fc3 to
                  | 0.31-a0-844-gdc52ec4e09
  1251 | D:2      | Reached * piety under Fedhas
  1252 | D:2      | Reached skill level 1 in Short Blades
  1252 | D:2      | Reached skill level 1 in Long Blades
  1252 | D:2      | Reached skill level 1 in Axes
  1252 | D:2      | Reached skill level 1 in Maces & Flails
  1252 | D:2      | Reached skill level 1 in Polearms
  1252 | D:2      | Reached skill level 1 in Staves
  1252 | D:2      | Reached skill level 1 in Throwing
  1252 | D:2      | Reached skill level 1 in Armour
  1252 | D:2      | Reached skill level 1 in Shields
  1252 | D:2      | Reached skill level 1 in Unarmed Combat
  1252 | D:2      | Reached skill level 1 in Spellcasting
  1252 | D:2      | Reached skill level 1 in Evocations
  1535 | D:3      | Found a shimmering altar of Xom.
  1535 | D:3      | Found a bloodstained altar of Trog.
  1573 | D:3      | Reached skill level 1 in Conjurations
  1573 | D:3      | Reached skill level 1 in Hexes
  1573 | D:3      | Reached skill level 1 in Summonings
  1573 | D:3      | Reached skill level 1 in Necromancy
  1573 | D:3      | Reached skill level 1 in Translocations
  1573 | D:3      | Reached skill level 1 in Transmutations
  1573 | D:3      | Reached skill level 1 in Fire Magic
  1573 | D:3      | Reached skill level 1 in Ice Magic
  1573 | D:3      | Reached skill level 1 in Air Magic
  1573 | D:3      | Reached skill level 1 in Earth Magic
  1573 | D:3      | Reached skill level 1 in Poison Magic
  1573 | D:3      | Reached skill level 1 in Shapeshifting
  1573 | D:3      | Reached XP level 4. HP: 24/38 MP: 5/5
  1698 | D:3      | Found a hide-covered altar of Uskayaw.
  1699 | D:3      | Found an opulent altar of Gozag.
  1836 | D:3      | Identified the +7 short sword of the Seven Deaths {heavy,
                  | SInv Stlth+}
  1849 | D:3      | Noticed Terence
  1865 | D:3      | Killed Terence
  1866 | D:3      | Reached XP level 5. HP: 22/43 MP: 7/7
  2048 | D:3      | Found an ancient bone altar of Kikubaaqudgha.
  2761 | D:4      | Reached XP level 6. HP: 50/50 MP: 8/8
  2770 | D:4      | Found Sugobunn's General Store.
  2770 | D:4      | Noticed a sky beast
  2779 | D:4      | Killed a sky beast
  2780 | D:4      | Reached skill level 5 in Fighting
  2780 | D:4      | Reached skill level 5 in Dodging
  2802 | D:4      | Reached ** piety under Fedhas
  2938 | D:4      | Found a staircase to the Ecumenical Temple.
  2938 | D:4      | Identified the +0 robe of Spring Thaw {Regen+}
  2960 | D:4      | Noticed Dowan
  2963 | D:4      | Noticed Duvessa
  2990 | D:4      | Killed Duvessa
  2991 | D:4      | Reached XP level 7. HP: 11/56 MP: 10/10
  2993 | D:4      | Killed Dowan
  3083 | D:4      | Found Yhaece's Specific Store.
  3101 | D:4      | Bought a +0 pair of gloves of stealth for 115 gold pieces
  3101 | D:4      | Bought a scroll of identify for 20 gold pieces
  3101 | D:4      | Bought a scroll of identify for 20 gold pieces
  3101 | D:4      | Bought a scroll of identify for 20 gold pieces
  3152 | D:4      | Found a snail-covered altar of Cheibriados.
  3259 | D:4      | Found Arhiaq's Antique Weapon Shop.
  3298 | D:5      | Entered Level 5 of the Dungeon
  3355 | D:5      | Reached skill level 9 in Ranged Weapons
  3516 | D:5      | Reached XP level 8. HP: 63/63 MP: 12/12
  4155 | D:6      | Found Zin's Purification Station.
  4158 | D:6      | Found a glowing silver altar of Zin.
  4326 | D:6      | Reached XP level 9. HP: 63/69 MP: 14/14
  4405 | D:6      | Reached *** piety under Fedhas
  4902 | D:7      | Noticed Pikel
  4967 | D:7      | Killed Pikel
  4968 | D:7      | Reached skill level 5 in Stealth
  5065 | D:7      | Noticed Joseph
  5070 | D:7      | Reached skill level 5 in Invocations
  5083 | D:7      | Killed Joseph
  5327 | D:7      | Found a radiant altar of Vehumet.
  5412 | D:7      | Found an iron altar of Okawaru.
  5474 | D:7      | Found a stormy altar of Qazlal.
  5681 | D:8      | Reached XP level 10. HP: 72/77 MP: 17/17
  6067 | D:8      | Reached skill level 5 in Short Blades
  6067 | D:8      | Reached skill level 5 in Long Blades
  6067 | D:8      | Reached skill level 5 in Axes
  6067 | D:8      | Reached skill level 5 in Maces & Flails
  6067 | D:8      | Reached skill level 5 in Polearms
  6067 | D:8      | Reached skill level 5 in Staves
  6067 | D:8      | Reached skill level 5 in Throwing
  6067 | D:8      | Reached skill level 5 in Armour
  6067 | D:8      | Reached skill level 5 in Shields
  6067 | D:8      | Reached skill level 5 in Unarmed Combat
  6067 | D:8      | Reached skill level 5 in Spellcasting
  6067 | D:8      | Reached skill level 5 in Evocations
  6098 | D:8      | Reached skill level 10 in Ranged Weapons
  6896 | D:8      | Noticed Amaemon
  6896 | D:8      | Noticed an orange demon
  6999 | D:8      | Killed an orange demon
  7007 | D:8      | Killed Amaemon
  7008 | D:8      | Reached skill level 5 in Shapeshifting
  7423 | D:4      | Bought an orcbow for 91 gold pieces
  7699 | D:9      | Identified a scroll of acquirement
  7699 | D:9      | Acquired the ring "Asaig" {rC+ Int+6}
  7812 | D:9      | Paralysed by a hornet for 3 turns
  7990 | D:9      | Noticed an orc knight
  8176 | D:9      | Noticed a two-headed ogre
  8180 | D:9      | Killed a two-headed ogre
  8181 | D:9      | Reached XP level 11. HP: 84/84 MP: 20/20
  8205 | D:9      | Killed an orc knight
  8206 | D:9      | Reached skill level 5 in Conjurations
  8206 | D:9      | Reached skill level 5 in Hexes
  8206 | D:9      | Reached skill level 5 in Summonings
  8206 | D:9      | Reached skill level 5 in Necromancy
  8206 | D:9      | Reached skill level 5 in Translocations
  8206 | D:9      | Reached skill level 5 in Transmutations
  8206 | D:9      | Reached skill level 5 in Fire Magic
  8206 | D:9      | Reached skill level 5 in Ice Magic
  8206 | D:9      | Reached skill level 5 in Air Magic
  8206 | D:9      | Reached skill level 5 in Earth Magic
  8206 | D:9      | Reached skill level 5 in Poison Magic
  8262 | D:9      | Noticed a cyclops
  8278 | D:9      | Killed a cyclops
  8544 | D:9      | Found a hazy altar of Hepliaklqana.
  8628 | D:9      | Noticed Erica
  8645 | D:9      | Killed Erica
  8668 | D:9      | Found a staircase to the Lair.
  8733 | Lair:1   | Entered Level 1 of the Lair of Beasts
  8952 | Lair:1   | Noticed a death yak
  8952 | Lair:1   | Noticed a death yak
  9150 | Lair:2   | Found a staircase to the Swamp.
  9150 | Lair:2   | Noticed an eleionoma
  9307 | Lair:1   | Noticed a death yak
  9320 | Lair:1   | Upgraded the game from 0.31-a0-844-gdc52ec4e09 to
                  | 0.31-a0-845-g9abc20d24f
  9438 | Lair:2   | Noticed a boulder beetle
  9458 | Lair:2   | Killed a boulder beetle
  9909 | Lair:2   | Identified the +7 chain mail of the Imp {rN++ Will+ Int-3}
  9993 | Lair:2   | Killed an eleionoma
  9994 | Lair:2   | Reached skill level 11 in Ranged Weapons
 10133 | Lair:2   | Reached XP level 12. HP: 90/94 MP: 22/22
 10399 | Lair:3   | Noticed an eight-headed hydra
 10417 | Lair:3   | Killed an eight-headed hydra
 10525 | Lair:3   | You fall into a shaft and drop 2 floors!
 10525 | Lair:5   | Entered Level 5 of the Lair of Beasts
 10643 | Lair:5   | Noticed a skyshark
 10660 | Lair:5   | Slain by a komodo dragon

Illustrated notes

Levels and vault maps discovered:
D:1:      psy_arrival_radial01, layout_basic
D:2:      layout_basic, basic_altar, shapermc_ecumenical_altar_starsandcircs,
          serial_shops, nicolae_shop_peninsula
D:3:      layout_loops_corners, overflow_temple_1_default,
          nicolae_gozag_seed_capital, gammafunk_temple_overflow_elements,
          lemuel_tele_altar, uniq_terence
D:4:      layout_rooms, kennysheep_slug_shrine,
          minmay_temple_entry_gardened_gates, serial_shops,
          nicolae_shop_peninsula, nicolae_specific_store,
          minmay_misc_feat_diagonals, uniq_duvessa
D:5:      layout_basic
D:6:      layout_rooms, zin_purify, minmay_checkerbox
D:7:      layout_loops_cross, nicolae_vehumet_altar_sigil,
          mainiacjoe_overflow_24_doors, kennysheep_mini, uniq_pikel, uniq_joseph
D:8:      layout_basic, corexii_corridor_pit, uniq_amaemon
D:9:      layout_long_grid, nicolae_hepliaklqana_hippocampus, erik_lair_dragon,
          minmay_misc_feat_columns, hellmonk_guarded_unrand_dark_maul,
          uniq_erica
Lair:1:   layout_gridlike, st_stairs_3, infiniplex_staircase_pool_2
Lair:2:   layout_layer_cave, alex1729_swamp_entry_worm_eleionoma
Lair:3:   layout_loops_ring, hellmonk_spider_entry_life_and_decay
Lair:5:   minmay_lair_end_frog_pond, layout_long_grid

Skill      XL: |  1  2  3  4  5  6  7  8  9 10 11 12 |
---------------+-------------------------------------+-----
Invocations    | 1 2 3 4 5 6 7 |  7.8
Short Blades   | 1 2 3 4 6 7 |  7.1
Long Blades    | 1 2 3 4 6 7 |  7.1
Axes           | 1 2 3 4 6 7 |  7.1
Maces & Flails | 1 2 3 4 6 7 |  7.1
Polearms       | 1 2 3 4 6 7 |  7.1
Staves         | 1 2 3 4 6 7 |  7.1
Throwing       | 1 2 3 4 6 7 |  7.1
Armour         | 1 2 3 4 6 7 |  7.1
Shields        | 1 2 3 4 6 7 |  7.1
Unarmed Combat | 1 2 3 4 6 7 |  7.1
Spellcasting   | 1 2 3 4 6 7 |  7.1
Evocations     | 1 2 3 4 6 7 |  7.1
Conjurations   | 1 2 3 4 5 |  5.9
Hexes          | 1 2 3 4 5 |  5.9
Summonings     | 1 2 3 4 5 |  5.9
Necromancy     | 1 2 3 4 5 |  5.9
Translocations | 1 2 3 4 5 |  5.9
Transmutations | 1 2 3 4 5 |  5.9
Fire Magic     | 1 2 3 4 5 |  5.9
Ice Magic      | 1 2 3 4 5 |  5.9
Air Magic      | 1 2 3 4 5 |  5.9
Earth Magic    | 1 2 3 4 5 |  5.9
Poison Magic   | 1 2 3 4 5 |  5.9
Shapeshifting  | 1 2 3 4 5 6 |  6.4
Stealth        | 3 4 5 6 7 |  7.5
Fighting       | 5 6 7 8 |  8.5
Dodging        | 5 6 7 8 |  8.5
Ranged Weapons | 9 10 11 | 11.1

Action                     |  1- 3 |  4- 6 |  7- 9 | 10-12 || total
---------------------------+-------+-------+-------+-------++-------
  Melee: Short sword       |       |     8 |    19 |    40 ||    67
         Bite              |       |     1 |     5 |     7 ||    13
         Punch             |       |       |       |     5 ||     5
         Falchion          |       |       |       |    21 ||    21
         Maul              |       |       |       |    16 ||    16
   Fire: Shortbow          |    94 |   149 |   369 |   187 ||   799
         Orcbow            |       |       |       |   224 ||   224
 Invoke: Wall of Briars    |       |     1 |     3 |    11 ||    15
         Grow Ballistomyce |       |       |     2 |     6 ||     8
  Evoke: Wand              |       |     2 |     2 |     5 ||     9
    Use: Potion            |       |     1 |     1 |     7 ||     9
         Scroll            |       |       |     7 |    21 ||    28
   Stab: Confused          |       |       |     1 |     1 ||     2
         Sleeping          |       |       |       |     1 ||     1
 Armour: Leather armour    |     8 |    15 |       |       ||    23
         Robe              |       |    13 |   107 |   165 ||   285
  Dodge: Dodged            |     7 |    37 |    99 |   195 ||   338

Table legend: (Time is in decaauts)
 A = Elapsed time spent in this place.
 B = Non-inter-level travel time spent in this place.
 C = Inter-level travel time spent in this place.
 D = Time resting spent in this place.
 E = Time spent auto-exploring this place.
 F = Levels seen in this place.
 G = Mean time per level.
                   A        B        C        D        E       F      G
               +--------+--------+--------+--------+--------+-----+--------+
         Total |  10657 |  10013 |    644 |    429 |   7248 |  13 |  819.8 |
       Dungeon |   8701 |   8101 |    600 |    401 |   5839 |   9 |  966.8 |
          Lair |   1956 |   1912 |     44 |     28 |   1409 |   4 |  489.0 |
               +--------+--------+--------+--------+--------+-----+--------+

Top non-repeatable levels by time:
     D:8: 1548 daAuts
     D:9: 1299 daAuts
  Lair:2: 1153 daAuts
     D:3: 1063 daAuts
     D:5: 883 daAuts
     D:7: 883 daAuts
     D:4: 881 daAuts
     D:1: 804 daAuts
     D:6: 678 daAuts
     D:2: 657 daAuts
  Lair:1: 387 daAuts
  Lair:3: 276 daAuts
  Lair:5: 139 daAuts
